 Dungeon Crawl Stone Soup version 0.31-a0-360-gb3e1d13bf4 (webtiles) character file.

Game seed: 12850962864796816830

72 Gelion the Changeling (level 4, -1/29 HPs)
             Began as an Octopode Shapeshifter on July 27, 2023.
             Slain by a quokka (5 damage)
             ... on level 3 of the Dungeon.
             The game lasted 00:02:37 (1240 turns).

Gelion the Changeling (Octopode Shapeshifter)       Turns: 1240, Time: 00:02:38

Health: -1/29      AC:  1    Str: 14    XL:     4   Next: 26%
Magic:  4/4        EV: 13    Int: 10    God:
Gold:   154        SH:  0    Dex: 14    Spells: 3/3 levels left

rFire   . . .        d - +0 short sword
rCold   . . .        (no shield)
rNeg    . . .        (helmet currently unavailable)
rPois   .            (no amulet)
rElec   .            (no ring)
rCorr   .            (no ring)
SInv    .            (no ring)
Will    .....        (no ring)
Stlth   ++           (no ring)
HPRegen 0.24/turn    (no ring)
MPRegen 0.09/turn    (no ring)
                     (no ring)

%: no passive effects
@: beast-form
A: beast (slay +2), almost no armour, amphibious, 8 rings, camouflage 1,
gelatinous body 1, (nimble swimmer 1), tentacles
a: Begin Untransformation


You were on level 3 of the Dungeon.
You were a hulking beast.
You visited 1 branch of the dungeon, and saw 3 of its levels.

You collected 154 gold pieces.

Inventory:

Hand Weapons
 d - a +0 short sword (weapon)
Talismans
 b - a beast talisman
Scrolls
 f - a scroll of immolation
 g - a scroll of fog {unknown}
 k - a scroll of identify
Potions
 a - 3 potions of lignification
 c - a potion of attraction {unknown}
 e - a potion of curing
 h - a potion of might {unknown}
 i - a potion of mutation {unknown}
 j - a potion of brilliance {unknown}


   Skills:
 + Level 1.9 Fighting
 + Level 1.4 Long Blades
 + Level 2.5 Dodging
 - Level 3.0 Unarmed Combat
 * Level 3.6 Shapeshifting


You had 3 spell levels left.
You didn't know any spells.
Your spell library contained the following spells:

 Spells                   Type           Power      Damage    Failure   Level
 Cigotuvi's Dreadful Rot  Necr/Pois/Air  0%         N/A       50%         2
 Ignite Poison            Fire/Tmut/Pois 0%         N/A       75%         3
 Freezing Cloud           Conj/Ice/Air   0%         6-21      100%        5


Dungeon Overview and Level Annotations

Branches:
Dungeon (3/15)

Altars:

Shops:
D:2 =


Innate Abilities, Weirdness & Mutations

You are a hulking beast.
Your limbs bulge with bestial killing power. (Slay +2)
You cannot wear most types of armour.
You are amphibious.
You can wear up to eight rings at the same time.
Your skin changes colour to match your surroundings (Stealth+).
Your rubbery body absorbs attacks. (AC +1, EV +1)
((You are camouflaged when in or above water. (Stealth+)))
You have tentacles for arms and can constrict up to eight enemies at once.


Message History

The orc hits you with a +0 mace.
A quokka comes into view.
The orc shouts!
The orc priest shouts!
You hit the orc. Your grab misses the orc.
Your tentacle-slap misses the orc.
The orc is lightly wounded.
You hear an angry hiss.
The orc hits you with a +0 mace!
A frilled lizard comes into view.
You closely miss the orc. Your grab misses the orc.
Your squeeze misses the orc. The orc hits you with a +0 mace!
You are too injured to fight recklessly!
You are too injured to fight recklessly!
You hit the orc. You grab the orc.
The orc is heavily wounded.
You constrict the orc. The orc hits you with a +0 mace.
* * * LOW HITPOINT WARNING * * *
You puncture the orc!
You kill the orc!
You hit the orc. You grab the orc.
The orc is heavily wounded.
You constrict the orc. The orc barely misses you.
You hit the orc.
You kill the orc!
The orc priest begins to cast a cantrip, but forgets the words!
You closely miss the frilled lizard. You grab the frilled lizard.
You constrict the frilled lizard.
You kill the frilled lizard!
The orc priest begins to cast a cantrip, but forgets the words!
The orc hits you with a +0 mace.
* * * LOW HITPOINT WARNING * * *
You puncture the orc!
You kill the orc!
You hit the quokka but do no damage. Your grab misses the quokka.
Your squeeze misses the quokka. The quokka misses you.
You closely miss the quokka. You grab the quokka. You constrict the quokka.
The quokka closely misses you.
You hit the quokka.
The quokka is severely wounded.
You constrict the quokka. The quokka bites you.
You die...

...........'..#
...........####
...........#
...........#
..........#
..........#
#+##.....#
#.....# #h....#
......r#.....#
......o#..$..#
...(...#.....#
.............#
...........###
.........#..
...#+## +#...


You could see an orc priest and a quokka.

Vanquished Creatures
  A hound (D:3)
  2 dart slugs (D:2)
  3 orcs (D:3)
  2 ball pythons
  2 endoplasms (D:2)
  2 giant cockroaches
  2 goblins
  2 hobgoblins
  A quokka (D:2)
  4 bats
  3 frilled lizards
  5 kobolds
  7 rats
36 creatures vanquished.

Notes
Turn   | Place    | Note
-------+----------+-------------------------------------------
     0 | D:1      | Gelion the Octopode Shapeshifter began the quest for the
                  | Orb.
     0 | D:1      | Reached XP level 1. HP: 13/13 MP: 1/1
   207 | D:1      | Reached XP level 2. HP: 18/18 MP: 2/2
   631 | D:2      | Found Zehu's Jewellery Shop.
   642 | D:2      | Reached XP level 3. HP: 18/23 MP: 3/3
   718 | D:2      | Reached skill level 1 in Long Blades
   785 | D:2      | Found a faded altar of an unknown god.
  1206 | D:3      | Reached XP level 4. HP: 29/29 MP: 4/4
  1240 | D:3      | Slain by a quokka

Illustrated notes

Levels and vault maps discovered:
D:1:      lemuel_arrival_hallway, layout_rooms, grunt_decor_cap,
          minmay_tetromino_i4
D:2:      layout_basic, shapermc_ecumenical_altar_mp_vishouse, serial_shops,
          shop_fountains
D:3:      layout_basic

Skill      XL: |  1  2  3 |
---------------+----------+-----
Long Blades    | 1 |  1.4
Fighting       | |  1.9
Dodging        | |  2.5
Unarmed Combat | |  3.0
Shapeshifting  | |  3.6

Action                     |  1- 3 |  4- 6 || total
---------------------------+-------+-------++-------
  Melee: Unarmed           |     8 |       ||     8
         Short sword       |    45 |    11 ||    56
         Constrict         |    16 |     4 ||    20
         Tentacles         |     8 |       ||     8
    Use: Scroll            |     3 |       ||     3
   Stab: Sleeping          |     8 |       ||     8
 Armour: Skin              |     4 |       ||     4
  Dodge: Dodged            |    23 |     3 ||    26

Table legend: (Time is in decaauts)
 A = Elapsed time spent in this place.
 B = Non-inter-level travel time spent in this place.
 C = Inter-level travel time spent in this place.
 D = Time resting spent in this place.
 E = Time spent auto-exploring this place.
 F = Levels seen in this place.
 G = Mean time per level.
                   A        B        C        D        E       F      G
               +--------+--------+--------+--------+--------+-----+--------+
         Total |   1237 |   1214 |     23 |      0 |   1002 |   3 |  412.3 |
       Dungeon |   1237 |   1214 |     23 |      0 |   1002 |   3 |  412.3 |
               +--------+--------+--------+--------+--------+-----+--------+

Top non-repeatable levels by time:
     D:2: 635 daAuts
     D:1: 489 daAuts
     D:3: 112 daAuts
